 Dungeon Crawl Stone Soup version 0.31.0-12-g77e489cdc1 (webtiles) character file.

Game seed: 1456316880455553994

15156 Gadfly the Covert (level 11, -1/57 HPs)
             Began as a Spriggan Enchanter on Feb 16, 2024.
             Was an Initiate of Gozag.
             Slain by a catoblepas (6 damage)
             ... while petrified by a catoblepas
             ... on level 2 of the Lair of Beasts.
             The game lasted 00:29:03 (14974 turns).

Gadfly the Covert (Spriggan Enchanter)             Turns: 14974, Time: 00:29:04

Health: -1/57      AC:  9    Str:  4    XL:     11   Next: 98%
Magic:  21/25      EV:  4    Int: 20    God:    Gozag
Gold:   1278       SH:  0    Dex: 17    Spells: 23/28 levels left

rFire   . . .        b - +3 short sword (protect)
rCold   . . .        (no shield)
rNeg    + + +        C - +2 robe {Will+}
rPois   ∞            e - +0 hat
rElec   .            K - +0 cloak
rCorr   .            (gloves unavailable)
SInv    +            (boots unavailable)
Will    ++...        m - amulet of reflection
Stlth   +++++        l - +5 ring of evasion
HPRegen 0.29/turn    H - +4 ring of protection
MPRegen 0.19/turn

%: reflection
@: confusing by touch, petrified, very quick
A: very small, no large weapons, unfitting armour, see invisible, speed 3
a: Renounce Religion, Potion Petition, Call Merchant, Bribe Branch


You were on level 2 of the Lair of Beasts.
You worshipped Gozag.
Gozag was most pleased with you.
You visited 3 branches of the dungeon, and saw 15 of its levels.
You also visited: Sewer and Ossuary.

You collected 2224 gold pieces.
You spent 123 gold pieces at shops.
You paid 823 gold pieces to Gozag.

Inventory:

Hand Weapons
 a - a +2 dagger of venom
 b - a +3 short sword of protection (weapon)
 v - a +1 dagger of electrocution
 D - a +0 dagger of draining
 T - a +4 dagger
Missiles
 i - a throwing net
Armour
 e - a +0 hat (worn)
 o - a +1 robe of cold resistance
 x - a +2 robe of positive energy
 C - a +2 robe of willpower (worn)
 K - a +0 cloak (worn)
Jewellery
 k - a ring of ice
 l - a +5 ring of evasion (left hand)
 m - an amulet of reflection (around neck)
 t - a ring of fire
 H - a +4 ring of protection (right hand)
 L - a ring of wizardry
 O - a ring of protection from cold
 R - an amulet of magic regeneration
Wands
 A - a wand of charming (8)
 B - a wand of quicksilver (16)
 J - a wand of iceblast (11)
 P - a wand of digging (7)
Scrolls
 d - 4 scrolls of fear
 g - 7 scrolls of teleportation
 p - 6 scrolls of blinking
 u - a scroll of poison
 w - 3 scrolls of revelation
 y - a scroll of fog
 z - 2 scrolls of enchant armour
 E - 2 scrolls of enchant weapon
 I - 4 scrolls of identify
 M - a scroll of torment
 N - a scroll of summoning
Potions
 c - 4 potions of invisibility
 f - 3 potions of lignification
 h - 2 potions of might
 j - 4 potions of haste
 n - 5 potions of magic
 q - a potion of heal wounds
 r - 2 potions of mutation
 s - 5 potions of curing
 G - 2 potions of attraction
 Q - a potion of cancellation
Miscellaneous
 F - a phial of floods


   Skills:
 + Level 6.3 Fighting
 + Level 8.5 Short Blades
 + Level 10.0 Dodging
 + Level 12.2 Stealth
 + Level 9.2 Spellcasting
 + Level 9.5 Hexes
 + Level 9.4 Evocations


You had 23 spell levels left.
You knew the following spells:

 Your Spells              Type           Power      Damage    Failure   Level
a - Ensorcelled Hibernat  Hex/Ice        56%        N/A       1%          2
b - Confusing Touch       Hex            47%        N/A       1%          3

Your spell library contained the following spells:

 Spells                   Type           Power      Damage    Failure   Level
 Sigil of Binding         Hex            47%        N/A       1%          3
 Tukima's Dance           Hex            47%        N/A       1%          3
 Dazzling Flash           Conj/Hex       56%        N/A       3%          3
 Dimensional Bullseye     Hex/Tloc       14%        N/A       11%         4
 Cigotuvi's Dreadful Rot  Necr/Alch/Air  18%        N/A       12%         2
 Mercury Vapours          Alch/Air       18%        N/A       12%         2
 Call Canine Familiar     Summ           9%         N/A       22%         3
 Mephitic Cloud           Conj/Alch/Air  9%         N/A       22%         3
 Ozocubu's Armour         Ice            9%         N/A       22%         3
 Metabolic Englaciation   Hex/Ice        14%        N/A       28%         5
 Dispel Undead            Necr           9%         3d8       58%         4
 Ignite Poison            Fire/Alch      9%         N/A       58%         4
 Martyr's Knell           Necr/Summ      9%         N/A       58%         4
 Vhi's Electric Charge    Tloc/Air       18%        N/A       58%         4
 Arcjolt                  Conj/Air       4%         1d14      91%         5
 Freezing Cloud           Conj/Ice/Air   4%         6-21      91%         5
 Death Channel            Necr           4%         N/A       100%        6
 Plasma Beam              Fire/Air       4%         2x1d14    100%        6
 Sculpt Simulacrum        Ice/Alch       4%         N/A       100%        6


Dungeon Overview and Level Annotations

Branches:
Dungeon (12/15)            Temple (1/1) D:4            Lair (2/5) D:11
    Orc (0/2) D:9           Sewer (visited)         Ossuary (visited)
  Swamp: Lair:2-3    Shoals: Lair:2-3     Snake: Lair:2-3    Spider: Lair:2-3

Altars:
Ashenzari
Cheibriados
Dithmenos
Elyvilon
Fedhas
Gozag
Hepliaklqana
Kikubaaqudgha
Makhleb
Nemelex Xobeh
Okawaru
Qazlal
Ru
Sif Muna
Trog
Uskayaw
Vehumet
Wu Jian
Xom
Yredelemnul
Zin
The Shining One

Shops:
D:1 (   D:2 (   D:10 ?   D:11 :

Annotations:
D:7 2 runed translucent doors


Innate Abilities, Weirdness & Mutations

You are very small and have problems with some larger weapons.
You are too small for most types of armour.
You have supernaturally acute eyesight. (SInv)
You cover ground extremely quickly. (Speed+++)


Message History

The catoblepas is almost dead.
You hit the catoblepas but do no damage.
The catoblepas is almost dead.
The catoblepas breathes a plume of calcifying dust at you.
The blast of calcifying dust hits you.
You hit the catoblepas but do no damage.
The catoblepas is almost dead.
You are engulfed in calcifying dust.
You are slowing down.
A water moccasin comes into view.
The catoblepas breathes a plume of calcifying dust at you.
The blast of calcifying dust hits you!
The blast of calcifying dust hits the plant!
The plant begins to die.
The plant is engulfed in calcifying dust.
Your limbs are stiffening.
A catoblepas is nearby!
The plant is engulfed in calcifying dust.
The plant turns to stone!
You have turned to stone.
The plant is engulfed in calcifying dust. x2
A nearby plant withers and dies.
The catoblepas breathes a plume of calcifying dust at you.
The blast of calcifying dust hits you but does no damage.
You are engulfed in calcifying dust. x2
The catoblepas gores you!!
* * * LOW HITPOINT WARNING * * *
You are engulfed in calcifying dust.
The catoblepas gores you.
The catoblepas breathes a plume of calcifying dust at you.
The blast of calcifying dust hits you but does no damage.
You are engulfed in calcifying dust.
The catoblepas breathes a plume of calcifying dust at you.
The blast of calcifying dust hits you.
You are engulfed in calcifying dust.
The catoblepas gores you!!
* * * LOW HITPOINT WARNING * * *
You are engulfed in calcifying dust.
The catoblepas breathes a plume of calcifying dust at you.
The blast of calcifying dust hits you but does no damage.
You are engulfed in calcifying dust.
The catoblepas gores you!
You die...
Your body crumbles into a pile of gold.

#♣ ♣# #.♣ ♣.# ♣S♣.♣
♣§♣ #.##
###########.###....
....§.§..@Y........
...................
.##....#:P###..P.##
##...##.####PP##.#
#..................
.................♣
...........##P##♣♣
P###.###...####
#.###.......###♣


You could see a catoblepas.

Vanquished Creatures
  2 two-headed ogres
  Nergalle (Lair:1)
  An ugly thing (D:11)
  4 elephants (Lair:1)
  A black mamba (Lair:1)
  A kobold demonologist (D:10)
  3 komodo dragons (Lair:1)
  2 trolls
  Sigmund (D:3)
  A slime creature (D:7)
  3 basilisks
  2 shadows
  2 wraiths
  9 yaks
  4 vampire mosquitoes
  4 wyverns
  A steam dragon (D:9)
  Menkaure (D:5)
  3 water moccasins
  An ice beast (D:5)
  A sky beast (D:7)
  4 orc warriors
  2 black bears
  7 centaurs
  3 ogres (D:5)
  8 wolves
  A phantom (D:4)
  Blork the orc (D:6)
  A weeping skull (Ossuary)
  3 kobold brigands
  6 bullfrogs
  3 scorpions
  A water moccasin zombie (Ossuary)
  7 wights
  9 killer bees
  7 howler monkeys
  5 centaur zombies (Ossuary)
  A human zombie (Ossuary)
  A hound (D:6)
  9 orc priests
  4 jellies
  3 sleepcaps
  3 iguanas
  13 orc wizards
  12 gnolls
  3 adders
  2 river rats (Sewer)
  2 shadow imps
  A white imp (D:7)
  4 ufetubi (D:6)
  2 adder zombies (Ossuary)
  2 dart slugs
  4 ribbon worms
  29 orcs
  9 ball pythons
  17 endoplasms
  3 giant cockroaches
  9 goblins
  8 hobgoblins
  2 jackals (D:3)
  A quokka (D:3)
  7 bats
  3 frilled lizards
  5 gnoll zombies (Ossuary)
  3 goblin zombies (Ossuary)
  3 hobgoblin zombies (Ossuary)
  17 kobolds
  2 orc zombies (Ossuary)
  10 rats
310 creatures vanquished.

Vanquished Creatures (others)
  An orc (D:8)
1 creature vanquished.

Grand Total: 311 creatures vanquished

Notes
Turn   | Place    | Note
-------+----------+-------------------------------------------
     0 | D:1      | Gadfly the Spriggan Enchanter began the quest for the Orb.
     0 | D:1      | Reached XP level 1. HP: 9/9 MP: 5/5
   213 | D:1      | Reached XP level 2. HP: 14/14 MP: 6/6
   228 | D:1      | Learned a level 2 spell: Ensorcelled Hibernation
   461 | D:1      | Found Uggug's Antique Weapon Emporium.
   625 | D:1      | Reached XP level 3. HP: 17/17 MP: 0/8
   629 | D:1      | Learned a level 3 spell: Confusing Touch
   899 | D:2      | Found Yvauron's Antique Weapon Shop.
  1149 | D:2      | Reached skill level 1 in Evocations
  1221 | D:2      | Reached skill level 1 in Fighting
  1221 | D:2      | Reached skill level 5 in Stealth
  1221 | D:2      | Reached XP level 4. HP: 14/22 MP: 0/9
  1972 | D:3      | Found a glowing drain.
  1994 | D:3      | Reached XP level 5. HP: 25/25 MP: 6/11
  2006 | Sewer    | Entered a sewer
  2539 | Sewer    | Found a shimmering altar of Xom.
  2579 | Sewer    | Reached XP level 6. HP: 30/30 MP: 5/12
  2714 | D:3      | Noticed Sigmund
  2938 | D:3      | Killed Sigmund
  3314 | D:3      | Reached skill level 6 in Stealth
  3990 | D:4      | Found a sand-covered staircase.
  3990 | D:4      | Found a snail-covered altar of Cheibriados.
  4004 | Ossuary  | Entered an ossuary
  4228 | Ossuary  | Reached XP level 7. HP: 35/35 MP: 14/14
  4283 | Ossuary  | Reached skill level 5 in Hexes
  4368 | Ossuary  | Noticed a silent spectre
  4437 | D:4      | Reached skill level 5 in Dodging
  4928 | D:4      | Reached XP level 8. HP: 39/39 MP: 13/16
  4997 | D:4      | Found a staircase to the Ecumenical Temple.
  5001 | Temple   | Entered the Ecumenical Temple
  5026 | Temple   | Became a worshipper of Gozag Ym Sagoz the Greedy
  5266 | D:4      | Reached skill level 7 in Stealth
  5430 | D:5      | Entered Level 5 of the Dungeon
  5465 | D:5      | Reached skill level 5 in Spellcasting
  5782 | D:5      | Found a sparkling altar of Nemelex Xobeh.
  5864 | D:5      | Reached skill level 5 in Evocations
  5951 | D:5      | Noticed Menkaure
  5968 | D:5      | Killed Menkaure
  6117 | D:5      | Identified the +8 shortbow of the Hero {antimagic, Stlth+}
  6161 | D:5      | Reached skill level 8 in Stealth
  6204 | D:5      | Reached skill level 5 in Short Blades
  6233 | D:5      | Found a stormy altar of Qazlal.
  6530 | D:6      | Reached XP level 9. HP: 37/44 MP: 13/18
  6662 | D:6      | Found a glowing golden altar of the Shining One.
  7080 | D:6      | Found a broken altar of Ashenzari.
  7188 | D:6      | Noticed Blork the orc
  7194 | D:6      | Killed Blork the orc
  7715 | D:7      | Reached skill level 9 in Stealth
  8004 | D:7      | Found a large runed translucent door.
  8005 | D:7      | Found a large runed translucent door.
  8346 | D:7      | Found a large runed translucent door.
  8346 | D:7      | Found a large runed translucent door.
  8510 | D:7      | Noticed a troll
  8514 | D:7      | Killed a troll
  8608 | D:7      | Reached XP level 10. HP: 50/51 MP: 18/21
  9327 | D:8      | Found a shimmering blue altar of Sif Muna.
  9397 | D:8      | Found a bloodstained altar of Trog.
  9774 | D:9      | Reached skill level 10 in Stealth
 10081 | D:9      | Found a staircase to the Orcish Mines.
 10188 | D:9      | Found a hide-covered altar of Uskayaw.
 10191 | D:9      | Found a hazy altar of Hepliaklqana.
 10196 | D:9      | Found a white marble altar of Elyvilon.
 10263 | D:9      | Reached skill level 5 in Fighting
 10685 | D:10     | Entered Level 10 of the Dungeon
 10785 | D:10     | Noticed a two-headed ogre
 10793 | D:10     | Killed a two-headed ogre
 11258 | D:10     | Found Inipsumn's Magic Scroll Shoppe.
 11262 | D:10     | Bought a scroll of summoning for 123 gold pieces
 11440 | D:11     | Found a staircase to the Lair.
 11443 | D:11     | Noticed a two-headed ogre
 11494 | D:10     | Reached XP level 11. HP: 16/56 MP: 15/24
 11738 | D:11     | Reached skill level 11 in Stealth
 11776 | D:11     | Noticed a red ugly thing
 12123 | D:11     | Killed a red ugly thing
 12169 | D:11     | Killed a two-headed ogre
 13043 | Lair:1   | Entered Level 1 of the Lair of Beasts
 13084 | Lair:1   | Noticed Nergalle
 14064 | Lair:1   | Reached skill level 12 in Stealth
 14099 | Lair:1   | Killed Nergalle
 14150 | Lair:1   | Reached skill level 10 in Dodging
 14951 | Lair:2   | Noticed a catoblepas
 14974 | Lair:2   | Slain by a catoblepas

Illustrated notes

Levels and vault maps discovered:
D:1:      amcnicky_arrival_single_pillar, layout_basic, serial_shops, shop,
          minivault_4
D:2:      layout_basic, serial_shops, nicolae_shop_behind_doors,
          grunt_ministairs_7, minmay_split_cup_small
D:3:      layout_basic, cheibrodos_sewer_entry_bend, uniq_sigmund
D:4:      layout_loops_ring, mainiacjoe_overflow_boulevard, temple_hall_moat,
          nicolae_ossuary_entry_monument, chequers_jeans,
          minmay_misc_feat_encased, kennysheep_crisscross, minivault_26
D:5:      layout_basic, nemelex_dance_club_becter, mainiacjoe_overflow_alcove_1,
          small_statue_intersection, minmay_door_square, uniq_menkaure
D:6:      layout_basic, mainiacjoe_overflow_24_doors,
          mainiacjoe_overflow_alcove_4, hex_tiny,
          minmay_fractal_squares_gapless_5, uniq_blork_the_orc
D:7:      layout_cave_pools, minmay_hollow_rounded_squares
D:8:      layout_rooms, tgw_sif, kennysheep_mini
D:9:      layout_long_grid, grunt_temple_overflow_diamond, orc_0_dummy
D:10:     layout_loops_ring, serial_shops, nicolae_shop_rolled_up
D:11:     layout_gridville, erik_lair_orcish_takeover
D:12:     layout_grid_maze, serial_shops, nicolae_square_shop
Temple:   nicolae_temple_godzebo
Lair:1:   layout_cave_pods, uniq_nergalle
Lair:2:   nzn_winding_woodlands_large [nzn_winding_woodlands_5x5_checkerboard,
          nzn_winding_woodlands_5x15_jagged, nzn_winding_woodlands_5x5_cross,
          nzn_winding_woodlands_center_triple_pond,
          nzn_winding_woodlands_15x15_killbox,
          nzn_winding_woodlands_center_garden,
          nzn_winding_woodlands_5x5_closed_star,
          nzn_winding_woodlands_5x15_concentric,
          nzn_winding_woodlands_5x5_open_star], layout_long_grid,
          mainiacjoe_swamp_entry_angry_trees, beast_lair_carwin_3

Skill      XL: |  1  2  3  4  5  6  7  8  9 10 11 |
---------------+----------------------------------+-----
Dodging        | 3 4 5 6 7 8 10 | 10.0
Spellcasting   | 3 4 5 6 8 9 |  9.2
Evocations     | 1 2 3 4 5 6 8 9 |  9.4
Short Blades   | 2 3 4 5 6 7 8 |  8.5
Fighting       | 1 2 3 4 5 6 |  6.3
Stealth        | 5 6 8 9 10 12 | 12.2
Hexes          | 4 5 6 7 8 9 |  9.5

Action                     |  1- 3 |  4- 6 |  7- 9 | 10-12 || total
---------------------------+-------+-------+-------+-------++-------
  Melee: Dagger            |    71 |       |       |       ||    71
         Punch             |     1 |     2 |     3 |     7 ||    13
         Short sword       |    21 |   198 |   384 |   586 ||  1189
   Cast: Ensorcelled Hiber |     9 |    45 |    71 |   127 ||   252
         Confusing Touch   |       |     1 |     8 |    15 ||    24
 Invoke: Call Merchant     |       |       |       |     1 ||     1
    Use: Scroll            |     2 |    11 |     4 |     5 ||    22
         Potion            |       |       |     3 |     2 ||     5
   Stab: Sleeping          |    16 |    32 |    55 |    75 ||   178
         Confused          |       |     2 |     9 |    16 ||    27
         Distracted        |       |       |     2 |     1 ||     3
 Armour: Robe              |    25 |    29 |   114 |   125 ||   293
  Dodge: Dodged            |    68 |   144 |   426 |   525 ||  1163
  Block: Other             |       |    30 |    82 |   117 ||   229
         Reflection        |       |       |     6 |     2 ||     8
